 Dungeon Crawl Stone Soup version 0.24.1-14-gf8d2b509d9 (console) character file.

Game seed: 13520406899292640708, levelgen mode: deterministic

326 Kagalorn the Ducker (level 6, 0/53 HPs)
             Began as a Minotaur Wanderer on July 23, 2021.
             Slain by Sigmund
             ... wielding a +0 scythe
              (7 damage)
             ... on level 3 of the Dungeon.
             The game lasted 00:07:00 (2432 turns).

Kagalorn the Ducker (Minotaur Wanderer)             Turns: 2432, Time: 00:07:01

Health: 0/53       AC: 10    Str: 25    XL:     6   Next: 24%
Magic:  5/5        EV: 10    Int:  9    God:
Gold:   122        SH:  0    Dex:  9    Spells: 5/5 levels left

rFire    . . .     SeeInvis .   a - +0 hand axe
rCold    . . .     Gourm    .   (no shield)
rNeg     . . .     Faith    .   k - +0 chain mail
rPois    .         Spirit   .   (helmet restricted)
rElec    .         Reflect  .   (no cloak)
rCorr    .         Harm     .   g - +0 pair of gloves (curse)
MR       .....                  (no boots)
Stlth    ..........             (no amulet)
HPRegen  0.17/turn              i - +6 ring of strength
MPRegen  0.09/turn              (no ring)

@: no status effects
A: retaliatory headbutt, horns 2
a: no special abilities


You were on level 3 of the Dungeon.
You were very hungry.

You visited 1 branch of the dungeon, and saw 3 of its levels.
You also visited: Sewer.

You collected 122 gold pieces.

Inventory:

Hand Weapons
 a - a +0 hand axe (weapon)
 l - a +0 spear of pain
Missiles
 j - 15 bolts
 m - 15 arrows
 p - 50 stones (quivered)
 t - 16 sling bullets
Armour
 g - a cursed +0 pair of gloves (worn)
 k - a +0 chain mail (worn)
Jewellery
 i - a +6 ring of strength (left hand)
 s - an uncursed ring of fire
Wands
 u - a wand of scattershot (4)
Scrolls
 c - 4 scrolls of teleportation
 d - 3 scrolls of identify
 e - 2 scrolls of fear
 h - a scroll of enchant armour {unknown}
 o - a scroll of amnesia {unknown}
 q - a scroll of noise {unknown}
 w - a scroll of remove curse {unknown}
 x - a scroll of blinking {unknown}
Potions
 b - a potion of haste
 n - 2 potions of mutation
 v - a potion of berserk rage {unknown}
 y - 3 potions of curing
Comestibles
 f - 3 rations


   Skills:
 + Level 4.4 Fighting
   Level 2.4 Long Blades
 * Level 0.0 Axes
 + Level 4.1 Armour
 + Level 4.5 Dodging
   Level 2.4 Shields
 - Level 3.2 Unarmed Combat


You had 5 spell levels left.
You didn't know any spells.
Your spell library was empty.

Dungeon Overview and Level Annotations

Branches:
Dungeon (3/15)              Sewer (visited)

Altars:
Fedhas
Okawaru
Trog

Annotations:
D:3 Sigmund


Innate Abilities, Weirdness & Mutations

You reflexively headbutt those who attack you in melee.
You have a pair of horns on your head.


Message History

You miss something. You headbutt something.
You hear a zap.
A puff of flame appears from out of thin air!
The puff of flame hits you but does no damage.
You bump into the rock wall.
You hear a zap.
A puff of flame appears from out of thin air!
The puff of flame misses you.
You bump into the rock wall.
You hear a zap.
A puff of flame appears from out of thin air!
The puff of flame hits you.
* * * LOW HITPOINT WARNING * * *
The now-empty wand crumbles to dust.
You miss something. Your headbutt misses something. Something hits you.
* * * LOW HITPOINT WARNING * * *
You closely miss something. Your headbutt misses something.
You feel less confused. Something hits you!
You die...

##########.# *,*
###....÷.....# *,*
#≈.....####### *,*
#≈≈≈...# *,* #≈≈≈≈..#
*,** #≈≈≈≈..# *,,,
#.≈≈≈≈.# ****
######.#################
#.@{...............
###################


There were no monsters in sight!

Vanquished Creatures
  2 bullfrogs (Sewer)
  A hound (D:2)
  Robin (D:2)
  4 gnolls
  2 river rats (D:3)
  An ooze (D:1)
  3 worms
  A dart slug (D:2)
  4 leopard geckos
  6 bats
  9 giant cockroaches
  6 hobgoblins
  5 jackals (D:1)
  A quokka (D:2)
  9 ball pythons
  8 frilled lizards
  13 goblins
  2 kobolds
  6 rats
84 creatures vanquished.

Vanquished Creatures (others)
  3 fungi (D:2)
3 creatures vanquished.

Grand Total: 87 creatures vanquished

Notes
Turn   | Place    | Note
-------+----------+-------------------------------------------
     0 | D:1      | Kagalorn the Minotaur Wanderer began the quest for the Orb.
     0 | D:1      | Kagalorn set off with the following items: a +0 club, a
                  | potion of haste, 2 scrolls of teleportation, a +0 robe, a
                  | scroll of fear, a ration
     0 | D:1      | Reached XP level 1. HP: 16/16 MP: 0/0
    99 | D:1      | Reached skill level 1 in Armour
    99 | D:1      | Reached XP level 2. HP: 24/24 MP: 1/1
   672 | D:2      | Reached XP level 3. HP: 29/29 MP: 2/2
   883 | D:2      | Found a blossoming altar of Fedhas.
  1064 | D:2      | Identified the +0 helmet of Moawkah {rF- rN+ Dex+7}
  1064 | D:2      | Noticed Robin
  1102 | D:2      | Killed Robin
  1102 | D:2      | Reached XP level 4. HP: 31/37 MP: 3/3
  1545 | D:2      | Reached XP level 5. HP: 41/45 MP: 4/4
  1756 | D:3      | Found an iron altar of Okawaru.
  1756 | D:3      | Found a bloodstained altar of Trog.
  1918 | D:3      | Found a glowing drain.
  1973 | Sewer    | Entered a sewer
  2195 | Sewer    | Reached XP level 6. HP: 37/53 MP: 5/5
  2394 | D:3      | Noticed Sigmund
  2432 | D:3      | Slain by Sigmund

Levels and vault maps discovered:
D:1:      minmay_arrival_stone_box, layout_loops_cross
D:2:      layout_loops_corners, hangedman_decor_push, fedhas_altar_3, uniq_robin
D:3:      layout_basic, amethyst_overflow_temple_binary, portal_sewer_entry_b,
          chequers_ecumenical_altar_grove, kennysheep_generic_room_3,
          uniq_sigmund

Skill      XL: |  1  2  3  4  5 |
---------------+----------------+-----
Armour         | 1 2 3 4 |  4.1
Fighting       | 2 3 4 |  4.4
Dodging        | 3 4 |  4.5
Long Blades    | |  2.4
Shields        | |  2.4
Unarmed Combat | |  3.2

Action                   |  1- 3 |  4- 6 || total
-------------------------+-------+-------++-------
Melee: Unarmed           |    76 |   133 ||   209
       Headbutt          |    10 |    25 ||    35
       Punch             |       |     2 ||     2
       Hand axe          |       |    14 ||    14
  Use: Scroll            |       |     4 ||     4
  Eat: Chunk             |       |     4 ||     4
Armor: Chain mail        |    18 |    62 ||    80
Dodge: Dodged            |    50 |    70 ||   120
